 Dungeon Crawl Stone Soup version 0.16-a0-2652-gd333f3b (console) character file.

136 Tedronai the Conjurer (level 4, -6/33 HPs)
             Began as a Demigod Conjurer on Nov 23, 2014.
             Mangled by Ijyb
             ... wielding a +5 club
              (9 damage)
             ... on level 2 of the Dungeon.
             The game lasted 00:11:28 (3864 turns).

Tedronai the Conjurer (Demigod Conjurer)            Turns: 3864, Time: 00:11:28

Health: -6/33      AC:  2    Str: 11    XL:     4   Next: 67%
Magic:  0/10       EV: 13    Int: 21    God:
Gold:   48         SH:  0    Dex: 16    Spells: 2 memorised, 4 levels left

rFire  . . .     SeeInvis .     b - +0 hunting sling
rCold  . . .     Clarity  .     f - +0 robe
rNeg   . . .     SustAb   +     (no shield)
rPois  .         Gourm    .     (no helmet)
rElec  .         Spirit   .     (no cloak)
rCorr  +         Warding  .     (no gloves)
rMut   .         Stasis   .     (no boots)
MR     .....                    u - amulet of resist corrosion
Stlth  ++........               (no ring)
                                (no ring)

@: very slightly contaminated, not resistant to hostile enchantments, unstealthy
A: sustain abilities
a: no special abilities


You were on level 2 of the Dungeon.
You were not hungry.

You visited 1 branch of the dungeon, and saw 3 of its levels.

You collected 48 gold pieces.

Inventory:

Hand weapons
 a - a +0 spear
 b - a +0 hunting sling (weapon)
Missiles
 d - 174 stones
 j - 27 sling bullets (quivered)
Armour
 f - a +0 robe (worn)
Jewellery
 u - an amulet of resist corrosion (around neck)
Scrolls
 h - a scroll of immolation {!r}
 l - 2 scrolls of teleportation
 n - a scroll of fear {unknown}
 o - a scroll of enchant armour {unknown}
 p - 2 scrolls of amnesia {unknown}
 s - a scroll of remove curse
 v - a scroll of blinking {unknown}
Potions
 e - a potion of brilliance
 m - a potion of agility {unknown}
 q - a potion of lignification {unknown}
 t - a potion of curing {unknown}
 w - a potion of degeneration {unknown}
Books
 c - a book of Conjurations

   Spells                             Type                      Level
   *Magic Dart                        Conjuration                  1
   *Searing Ray                       Conjuration                  2
   Dazzling Spray                     Conjuration/Hexes            3
   Fulminant Prism                    Conjuration/Hexes            4
   Iskenderun's Mystic Blast          Conjuration                  4
   Iskenderun's Battlesphere          Conjuration/Charms           5
Comestibles
 k - a meat ration
 r - 2 bread rations


   Skills:
 + Level 3.1 Dodging
 - Level 1.7 Stealth
 + Level 2.3 Spellcasting
 * Level 4.8 Conjurations


You had 4 spell levels left.
You knew the following spells:

 Your Spells              Type           Power        Failure   Level  Hunger
a - Magic Dart            Conj           ###.         1%          1    #......
b - Searing Ray           Conj           ###...       3%          2    ##.....


Dungeon Overview and Level Annotations

Branches:
Dungeon (3/15)

Annotations:
D:2 Ijyb


Innate Abilities, Weirdness & Mutations

Your attributes are resistant to harm.


Message History

Press: ? - help, Shift-Dir - straight line, f/p - Ijyb
Aim: Ijyb, wielding an enchanted club and wearing a chain mail (almost dead)
The magic dart hits Ijyb!
Ijyb is almost dead!
Ijyb hits you with an enchanted club! * * * don't die
* * * Read which item? (? for menu, Esc to quit)
Okay, then!
Drink which item? (? for menu, Esc to quit)
Okay, then!
You see here a sling bullet!
Casting: Magic Dart
Confirm with ! or Enter, or press ? or * to list all spells!
Aiming: Magic Dart
Press: ? - help, Shift-Dir - straight line, f/p - Ijyb
Aim: Ijyb, wielding an enchanted club and wearing a chain mail (almost dead)
The magic dart hits Ijyb!
Ijyb is almost dead!
Ijyb hits you with an enchanted club!!! rip

.....█.█.█ █.█ █.█ .....█.█.█ █.█
█.█ .....█.█.█ █.█ █.█ .█....<█.█
█.█ █████.██████ .███.███.█
█.████...).......
.........████████...██.███.██████
....>.........)...█.██.█ █.█
.███..............(....█ █.█ .█
█.███████████☹......█ █.█ .█ █.█


██████g███████ █.█ .█ █.█ █((.........█ █.█ .█ █.█ █.████.████.█ █.█ ██ █.█
█.█.......█.█ █.█ █.█ █.█.██.██.█.█ █.█ █.██████(█.█...█.█.████.██████
█............_................ █......█.█.█...█.█.█....██████ You could see
Ijyb.

Vault maps used:
D:1:      dpeg_arrival_rooms_b
D:2:      nicolae_ru_sacrificial_ziggurat, overflow_temple_1_default,
          lemuel_coloured_pillars_altar, kennysheep_generic_room_16
D:3:      nicolae_overflow_hidden_temple, uniq_iyjb

Notes
Turn   | Place    | Note
--------------------------------------------------------------
     0 | D:1      | Tedronai, the Demigod Conjurer, began the quest for the Orb.
     0 | D:1      | Reached XP level 1. HP: 14/14 MP: 3/3
   912 | D:1      | Reached XP level 2. HP: 20/20 MP: 1/4
   916 | D:1      | Learned a level 2 spell: Searing Ray
  1142 | D:1      | Reached skill level 4 in Conjurations
  1688 | D:2      | Reached XP level 3. HP: 26/26 MP: 3/8
  1757 | D:2      | Found a sacrificial altar of Ru.
  2149 | D:2      | Found a basalt altar of Yredelemnul.
  2315 | D:2      | Reached XP level 4. HP: 25/33 MP: 1/10
  2712 | D:2      | Found a stormy altar of Qazlal.
  3745 | D:3      | Noticed Ijyb
  3864 | D:2      | Mangled by Ijyb

Table legend:
 A = Turns spent in this place as a percentage of turns spent in the entire game.
 B = Non-inter-level travel turns spent in this place as a percentage of non-inter-level travel turns spent in the entire game.
 C = Inter-level travel turns spent in this place as a percentage of turns spent in this place.
 D = Turns resting spent in this place as a percentage of non-inter-level travel turns spent in this place.
 E = Turns spent auto-exploring this place as a percentage of non-inter-level travel turns spent in this place.
 F = Non-inter-level travel turns spent in this place divided by the number of levels of this place that you've seen.
                   A       B       C       D       E      F
               +-------+-------+-------+-------+-------+----------------------
         Total | 100.0 | 100.0 |   1.2 |   7.7 |   8.3 | 281.7
       Dungeon | 100.0 | 100.0 |   1.2 |   7.7 |   8.3 | 281.7
               +-------+-------+-------+-------+-------+----------------------

Table legend:
 A = Kills in this place as a percentage of kills in entire the game.
 B = Kills by you in this place as a percentage of kills by you in the entire game.
 C = Kills by friends in this place as a percentage of kills by friends in the entire game.
 D = Other kills in this place as a percentage of other kills in the entire game.
 E = Experience gained in this place as a percentage of experience gained in the entire game.
 F = Experience gained in this place divided by the number of levels of this place that you have seen.
                   A       B       C       D       E      F
               +-------+-------+-------+-------+-------+----------------------
         Total | 100.0 | 100.0 |  -nan |  -nan | 100.0 |  65.0
       Dungeon | 100.0 | 100.0 |  -nan |  -nan | 100.0 |  65.0
               +-------+-------+-------+-------+-------+----------------------

Action                   |  1- 3 |  4- 6 || total
-------------------------+-------+-------++-------
Melee: Spear             |    38 |       ||    38
       Unarmed           |    12 |       ||    12
 Fire: Hunting sling     |       |    13 ||    13
Throw: Stone             |     6 |       ||     6
 Cast: Magic Dart        |    50 |    30 ||    80
       Searing Ray       |     6 |     9 ||    15
  Use: Scroll            |     4 |     2 ||     6
       Potion            |       |     2 ||     2
 Stab: Sleeping          |     1 |       ||     1
  Eat: Chunk             |     4 |       ||     4
       Meat ration       |     1 |     1 ||     2

Vanquished Creatures
  4 gnolls (D:2)
  4 adders (D:2)
  A giant mite (D:2)
  2 worms (D:2)
  An ooze (D:1)
  2 ball pythons
  6 bats
  4 goblins
  3 hobgoblins
  7 jackals (D:2)
  3 kobolds
  A quokka (D:3)
  2 giant cockroaches (D:1)
  5 giant newts
  3 rats
48 creatures vanquished.
